 Dungeon Crawl Stone Soup version 0.31.0-32-g396128a36d (webtiles) character file.

Game seed: 12286551515693130613

11526 community the Fighter (level 11, 0/102 HPs)
             Began as a Minotaur Fighter on Apr 6, 2024.
             Was a High Priest of Okawaru.
             Slain by a +5 lajatang "Caub" {spect, Str+4} (23 damage)
             ... created by a spriggan
             ... in a bailey.
             The game lasted 00:13:09 (9876 turns).

community the Fighter (Minotaur Fighter)            Turns: 9876, Time: 00:13:10

Health: 0/102      AC: 15    Str: 23    XL:     11   Next: 50%
Magic:  10/15      EV: 12    Int:  7    God:    Okawaru [*****.]
Gold:   407        SH: 10    Dex: 10    Spells: 10/10 levels left

rFire   . . .        a - +0 war axe
rCold   . . .        C - +0 kite shield
rNeg    . . .        t - +2 ring mail {rPois}
rPois   +            (helmet restricted)
rElec   .            z - +0 cloak
rCorr   .            (no gloves)
SInv    .            k - +0 pair of boots
Will    +....        (no amulet) Stlth
                     B - +4 ring of protection
HPRegen 0.37/turn    A - ring of willpower
MPRegen 0.14/turn

%: no passive effects
@: finesse-ful, studying Axes
A: horns 2, retaliatory headbutt
a: Renounce Religion, Heroism, Finesse, Duel


You were in a bailey.
You worshipped Okawaru.
Okawaru was extremely pleased with you.
You visited 1 branch of the dungeon, and saw 10 of its levels.
You also visited: Bailey.

You collected 561 gold pieces.
You spent 154 gold pieces at shops.

Inventory:

Hand Weapons
 a - a +0 war axe (weapon)
 u - a +4 trident of draining
Missiles
 l - 22 poisoned darts (quivered)
 r - 10 boomerangs
 H - 3 silver javelins
 I - a curare-tipped dart
Armour
 e - quicksilver dragon scales
 k - a +0 pair of boots (worn)
 t - a +2 ring mail of poison resistance (worn)
 z - a +0 cloak (worn)
 C - a +0 kite shield (worn)
Magical Staves
 b - a staff of air
Jewellery
 i - a +5 ring of evasion
 m - the ring of Ru's Displeasure {rN+ rCorr MP+9}
   (You found it on level 2 of the Dungeon)

   [ring of magical power]

   rN+:       It protects you from negative energy.
   MP+9:      It affects your magic capacity (+9).
   rCorr:     It protects you from acid and corrosion.
 A - a ring of willpower (right hand)
 B - a +4 ring of protection (left hand)
Wands
 n - a wand of flame (64)
 p - a wand of iceblast (8)
 E - a wand of paralysis (7)
 J - a wand of mindburst (5)
Scrolls
 g - 4 scrolls of teleportation
 h - a scroll of brand weapon {unknown}
 s - 2 scrolls of enchant armour {unknown}
 x - 2 scrolls of revelation
 y - a scroll of summoning {unknown}
 K - a scroll of fear {unknown}
Potions
 c - 2 potions of brilliance {unknown}
 d - 2 potions of might
 f - 2 potions of lignification
 j - a potion of berserk rage
 o - 3 potions of curing
 q - 2 potions of resistance
 v - a potion of haste {unknown}
 w - a potion of heal wounds {unknown}
 G - 2 potions of enlightenment


   Skills:
 * Level 11.5 Fighting
 * Level 11.4 Axes
 + Level 8.8 Armour
 + Level 7.0 Dodging
 + Level 8.4 Shields
 * Level 6.6 Invocations


You had 10 spell levels left.
You didn't know any spells.
Your spell library contained the following spells:

 Spells                   Type           Power      Damage    Failure   Level
 Necrotise                Necr           0%         1d4       78%         1
 Sting                    Conj/Alch      0%         1d3       78%         1
 Cigotuvi's Dreadful Rot  Necr/Alch/Air  0%         N/A       89%         2
 Mercury Vapours          Alch/Air       0%         N/A       89%         2
 Stone Arrow              Conj/Erth      0%         3d7       98%         3
 Vampiric Draining        Necr           0%         2d6       98%         3
 Ignite Poison            Fire/Alch      0%         N/A       100%        4
 Manifold Assault         Tloc           0%         N/A       100%        4
 Olgreb's Toxic Radiance  Alch           0%         N/A       100%        4
 Borgnjor's Vile Clutch   Necr/Erth      0%         N/A       100%        5
 Curse of Agony           Necr           0%         N/A       100%        5
 Freezing Cloud           Conj/Ice/Air   0%         6-21      100%        5
 Dispersal                Tloc           0%         N/A       100%        6
 Ozocubu's Refrigeration  Ice            0%         4d7       100%        7
 Disjunction              Tloc           0%         N/A       100%        8
 Lehudib's Crystal Spear  Conj/Erth      0%         10d2      100%        8
 Polar Vortex             Ice            0%         N/A       100%        9
 Animate Armour           Summ/Erth      Unusable   N/A       N/A         4
 Animate Dead             Necr           Unusable   N/A       N/A         4
 Martyr's Knell           Necr/Summ      Unusable   N/A       N/A         4
 Death Channel            Necr           Unusable   N/A       N/A         6
 Sculpt Simulacrum        Ice/Alch       Unusable   N/A       N/A         6

Dungeon Overview and Level Annotations

Branches:
Dungeon (10/15)            Temple (0/1) D:7            Lair (0/5) D:9
    Orc (0/2) D:10         Bailey (1/1)

Altars:
Ashenzari
Cheibriados
Dithmenos
Hepliaklqana
Kikubaaqudgha
Okawaru
Uskayaw
Wu Jian
Xom

Shops:
D:9 ?


Innate Abilities, Weirdness & Mutations

You have a pair of horns on your head.
You reflexively headbutt those who attack you in melee.


Message History

Done waiting.
You start waiting.
A spriggan comes into view.
It is wielding the +5 lajatang "Caub" {spect, Str+4} and wearing the +6 swamp dragon scales of Incorporation {rPois rC+ Regen+ Int+2 Slay+3}.
Throw: 23 darts (poison)
Press: ? - help, Q - select action, (/) - cycle Shift-Dir - straight line, f - spriggan
Aim: a spriggan, wielding the +5 lajatang "Caub" {spect, Str+4} and wearing the +6 swamp dragon scales of Incorporation {rPois rC+ Regen+ Int+2 Slay+3} (32% to hit)
You throw a poisoned dart. The poisoned dart hits the spriggan.
The spriggan hits you with the +5 lajatang "Caub" {spect, Str+4}!!
The +5 lajatang "Caub" {spect, Str+4} hits you.
A +5 lajatang "Caub" {spect, Str+4} comes into view.
You hit the spriggan but do no damage.
You hit the +5 lajatang "Caub" {spect, Str+4}.
You block the spriggan's attack.
The +5 lajatang "Caub" {spect, Str+4} barely misses you.
You miss the spriggan.
You headbutt the spriggan, but do no damage.
You hit the +5 lajatang "Caub" {spect, Str+4}.
The spriggan shares its spectral weapon's damage!
The spriggan hits you with the +5 lajatang "Caub" {spect, Str+4}!
The +5 lajatang "Caub" {spect, Str+4} hits you!!
Aiming: Duel (45% risk of failure)
Press: ? - help, Dir - move target, f/p - spriggan
Aim: a spriggan, wielding the +5 lajatang "Caub" {spect, Str+4} and wearing the +6 swamp dragon scales of Incorporation {rPois rC+ Regen+ Int+2 Slay+3} (lightly wounded)
You fail to use your ability.
You block the spriggan's attack.
The +5 lajatang "Caub" {spect, Str+4} hits you!
You can now deal lightning-fast blows.
The spriggan closely misses you. You furiously retaliate!
You headbutt the spriggan.
The +5 lajatang "Caub" {spect, Str+4} hits you!!
* * * LOW HITPOINT WARNING * * *
You closely miss the spriggan.
The spriggan is lightly wounded.
You slash the +5 lajatang "Caub" {spect, Str+4}!
The spriggan shares its spectral weapon's damage!
You hit the spriggan but do no damage.
The spriggan is heavily wounded.
You miss the +5 lajatang "Caub" {spect, Str+4}.
The spriggan barely misses you.
The +5 lajatang "Caub" {spect, Str+4} hits you!!
You die...

##.......).##
##.)♣###♣#♣))##
##).## ♣#..##
##..## ##..##
#..♣# ##..#
#.)# #..# #..#
♣..# #..♣ #..#
#..# #@.# #..#
#i(# #..# ♣#..#
##.. #..##
♣..## ...##
....# .....#
#####


You could see a +5 lajatang "Caub" {spect, Str+4} and a spriggan.

Vanquished Creatures
  2 two-headed ogres
  Pikel (D:6)
  Joseph (D:9)
  Maggie (D:6)
  Jeremiah (D:6)
  2 trolls
  Grinder (D:6)
  A hornet (D:8)
  Sigmund (D:2)
  2 shadows
  Eustachio (D:4)
  2 spriggans (Bailey)
  11 yaks
  2 steam dragons
  Menkaure (D:6)
  An acid dragon (D:10)
  Duvessa (D:7)
  4 black bears
  5 water moccasins
  4 sky beasts
  3 ice beasts
  An orc warrior (D:6)
  7 ogres
  2 centaurs
  2 lemures (D:6)
  2 kobold brigands
  A phantom (D:7)
  3 gnoll sergeants
  8 bullfrogs
  2 scorpions
  3 wights (D:7)
  Dowan (D:7)
  6 killer bees (D:9)
  2 howler monkeys
  4 electric eels (D:6)
  A jelly (D:6)
  4 orc priests
  3 hounds
  A gnoll bouda (D:9)
  Crazy Yiuf (D:7)
  10 iguanas
  4 orc wizards (D:7)
  13 adders
  20 gnolls
  A shadow imp (D:5)
  2 white imps
  2 ufetubi (D:6)
  5 dart slugs
  3 ribbon worms
  21 orcs
  9 endoplasms
  5 giant cockroaches
  A goblin (D:4)
  8 hobgoblins
  9 jackals
  4 quokkas
  7 ball pythons
  5 bats
  3 frilled lizards
  12 kobolds
  8 rats
254 creatures vanquished.

Vanquished Creatures (others)
  An ufetubus (D:6)
1 creature vanquished.

Grand Total: 255 creatures vanquished

Notes
Turn   | Place    | Note
-------+----------+-------------------------------------------
     0 | D:1      | community the Minotaur Fighter began the quest for the Orb.
     0 | D:1      | Reached XP level 1. HP: 19/19 MP: 0/0
    33 | D:1      | Reached XP level 2. HP: 19/27 MP: 1/1
   118 | D:1      | Found a faded altar of an unknown god.
   215 | D:1      | Reached XP level 3. HP: 28/33 MP: 2/2
   268 | D:1      | Reached skill level 1 in Dodging
   818 | D:2      | Identified the ring of Ru's Displeasure {rN+ rCorr MP+9}
   986 | D:2      | Noticed Sigmund
  1002 | D:2      | Killed Sigmund
  1003 | D:2      | Reached skill level 5 in Fighting
  1003 | D:2      | Reached XP level 4. HP: 36/42 MP: 3/3
  1003 | D:2      | Reached XP level 5. HP: 42/48 MP: 4/4
  1296 | D:2      | Reached XP level 6. HP: 53/56 MP: 5/5
  1916 | D:3      | Found a snail-covered altar of Cheibriados.
  2253 | D:3      | Found an ancient bone altar of Kikubaaqudgha.
  2524 | D:3      | Reached skill level 5 in Axes
  2759 | D:4      | Reached skill level 5 in Armour
  2901 | D:4      | Noticed Eustachio
  2926 | D:4      | Killed Eustachio
  2927 | D:4      | Reached XP level 7. HP: 34/63 MP: 6/6
  3127 | D:4      | Reached skill level 5 in Shields
  3207 | D:4      | Found a broken altar of Ashenzari.
  3488 | D:5      | Entered Level 5 of the Dungeon
  3581 | D:5      | Found an iron altar of Okawaru.
  3599 | D:5      | Became a worshipper of Warmaster Okawaru
  3763 | D:5      | HP: 3/64 [gnoll sergeant/+0 trident (10)]
  3774 | D:5      | Reached XP level 8. HP: 10/71 MP: 7/7
  4051 | D:5      | Reached * piety under Okawaru
  4052 | D:5      | Reached skill level 1 in Invocations
  4780 | D:6      | Found a shimmering altar of Xom.
  5018 | D:6      | Noticed Jeremiah
  5045 | D:6      | Killed Jeremiah
  5119 | D:6      | Noticed Menkaure
  5125 | D:6      | Killed Menkaure
  5125 | D:6      | Reached ** piety under Okawaru
  5126 | D:6      | Reached XP level 9. HP: 81/81 MP: 9/9
  5156 | D:6      | Found a shadowy altar of Dithmenos.
  5157 | D:6      | Found a hazy altar of Hepliaklqana.
  5190 | D:6      | Noticed Maggie
  5206 | D:6      | Killed Maggie
  5541 | D:6      | Noticed Pikel
  5553 | D:6      | Reached skill level 5 in Dodging
  5564 | D:6      | Killed Pikel
  5769 | D:6      | Noticed Grinder
  5789 | D:6      | Killed Grinder
  5789 | D:6      | Reached *** piety under Okawaru
  6046 | D:7      | Reached XP level 10. HP: 89/91 MP: 11/11
  6284 | D:7      | Noticed Duvessa
  6284 | D:7      | Noticed Dowan
  6287 | D:7      | Killed Dowan
  6297 | D:7      | Killed Duvessa
  6621 | D:7      | Found a staircase to the Ecumenical Temple.
  6713 | D:7      | Found a runed translucent door.
  6714 | D:7      | Noticed Crazy Yiuf
  6718 | D:7      | Killed Crazy Yiuf
  6775 | D:7      | Found an ornate altar of the Wu Jian Council.
  7092 | D:8      | Reached skill level 10 in Fighting
  7265 | D:8      | Noticed a +0 spear
  7266 | D:8      | Noticed a +0 spear
  7267 | D:8      | Noticed a +0 falchion
  7267 | D:8      | Noticed a +0 dagger
  7267 | D:8      | Noticed a +0 falchion
  7267 | D:8      | Noticed a +0 short sword
  7268 | D:8      | Noticed a +0 short sword
  7268 | D:8      | Noticed a +0 dagger
  7283 | D:8      | Reached **** piety under Okawaru
  7291 | D:8      | Found a hide-covered altar of Uskayaw.
  7471 | D:8      | Reached skill level 10 in Axes
  7479 | D:8      | Reached skill level 5 in Invocations
  7734 | D:8      | Noticed a two-headed ogre
  7740 | D:8      | Killed a two-headed ogre
  8126 | D:9      | Reached ***** piety under Okawaru
  8161 | D:9      | Reached XP level 11. HP: 71/101 MP: 14/14
  8278 | D:9      | Noticed a two-headed ogre
  8285 | D:9      | Killed a two-headed ogre
  8331 | D:9      | Received a gift from Okawaru
  8768 | D:9      | Found a staircase to the Lair.
  8814 | D:9      | Noticed Joseph
  8834 | D:9      | Killed Joseph
  9141 | D:9      | Found Qillask's Magic Scroll Emporium.
  9145 | D:9      | Bought a scroll of teleportation for 42 gold pieces
  9145 | D:9      | Bought a scroll of identify for 28 gold pieces
  9145 | D:9      | Bought 3 scrolls of identify for 84 gold pieces
  9146 | D:9      | Identified a scroll of acquirement
  9195 | D:9      | Acquired a manual of Axes
  9237 | D:10     | Entered Level 10 of the Dungeon
  9520 | D:10     | Found a staircase to the Orcish Mines.
  9523 | D:10     | Found a flagged portal.
  9530 | D:10     | Noticed a two-headed ogre
  9534 | Bailey   | Entered a bailey
  9866 | Bailey   | Identified the +5 lajatang "Caub" {spect, Str+4}
  9866 | Bailey   | Identified the +6 swamp dragon scales of Incorporation
                  | {rPois rC+ Regen+ Int+2 Slay+3}
  9876 | Bailey   | Slain by a +5 lajatang "Caub" {spect, Str+4}

Illustrated notes

Levels and vault maps discovered:
D:1:      nicolae_arrival_somewhat_less_tricky_arrival, layout_rooms,
          ebering_ecumenical_altar_ruins, nicolae_figureground_sparkle
D:2:      layout_loops_corners, uniq_sigmund
D:3:      layout_basic, slow_altar_2, amcnicky_altar_gilded
D:4:      layout_basic, mainiacjoe_overflow_alcove_1, uniq_eustachio
D:5:      layout_basic, okawaru_ov_weapons_minmay, glass_columns_b,
          grunt_ministairs_2, wad_rectangle_vault
D:6:      layout_gridville, riverfiend_overflow_shadow_ancestor,
          old_standard_altar, serial_bayou, serial_bayou_lagoon_a,
          serial_bayou_lagoon_b, serial_bayou_crossing, serial_bayou_pond_b,
          uniq_menkaure, uniq_maggie, uniq_jeremiah, uniq_grinder, uniq_pikel
D:7:      layout_gridville, lemuel_round_altar, temple_green, uniq_duvessa,
          uniq_crazy_yiuf_cottage
D:8:      layout_basic, nicolae_uskayaw_en_pointe
D:9:      layout_loops_ring, due_lair_maze_entry_diamond, serial_shops, shop,
          due_unseen_surprise, uniq_joseph
D:10:     layout_roguey, lemuel_round_altar, orc_0_dummy,
          gammafunk_ghost_necromancy, enter_bailey_6, hangedman_tell_no_tales
Bailey:   bailey_polearm_enchanted_keep_hellmonk, bailey

Skill      XL: |  1  2  3  4  5  6  7  8  9 10 11 |
---------------+----------------------------------+-----
Fighting       | 4 5 6 8 9 10 11 | 11.5
Axes           | 3 4 5 6 7 9 10 11 | 11.4
Dodging        | 2 3 4 5 6 7 |  7.0
Armour         | 4 5 6 7 8 |  8.8
Shields        | 4 5 6 7 8 |  8.4
Invocations    | 2 3 5 6 |  6.6

Action                     |  1- 3 |  4- 6 |  7- 9 | 10-12 || total
---------------------------+-------+-------+-------+-------++-------
  Melee: War axe           |    53 |   115 |   192 |   349 ||   709
         Headbutt          |     6 |    18 |    46 |    93 ||   163
         Staff             |       |       |    77 |       ||    77
  Throw: Dart              |       |       |       |     1 ||     1
 Invoke: Heroism           |       |       |     1 |     4 ||     5
         Finesse           |       |       |       |     1 ||     1
    Use: Scroll            |       |     1 |     6 |     7 ||    14
         Potion            |       |       |     3 |     1 ||     4
 Armour: Scale mail        |    28 |    65 |    54 |       ||   147
         Ring mail         |       |       |   108 |   181 ||   289
  Dodge: Dodged            |    32 |   139 |   160 |   169 ||   500
  Block: Buckler           |    10 |    34 |    45 |    37 ||   126
         Kite shield       |       |       |       |   114 ||   114
